AoeStats
← weefimonster

Black Forest

510268248Analyzed
4v4 RM · 1d ago on Sep 30, 2026· 65m 2s· 8 players
Game mode
Random Map
Map size
Large (8 player)
Population
200
Speed
Normal
Resources
Standard
Victory
Conquest
Starting age
Dark Age
Ending age
Imperial Age
RankedLock teamsTeams togetherTeam positionsShared explorationLock speedFull tech treeHidden civsTurbo modeCheats
Victory
Defeat
🇨🇦 Persians · Canada
724
+13
🇺🇸 Armenians · United States
702
+14
691
+14
🇨🇳 Ethiopians · China
609
+19
🇩🇪 Vietnamese · Germany
705
-17
🇺🇸 Burmese · United States
663
-15
🇹🇷 Vietnamese · Türkiye
658
-15
🇬🇷 Danes · Greece
600
-13
isthisthingon
8:25 Loom
11:04 Feudal Age
14:42 Horse Collar
18:58 Castle Age
19:52 Gold Mining
21:49 Heavy Plow
25:11 Gold Shaft Mining
29:39 Imperial Age
28:21 Wheelbarrow
29:16 Ballistics
33:20 Chemistry
33:56 Fletching
34:18 Forging
35:07 Elite Battle Elephant
36:51 Fortified Wall
39:01 Hand Cart
39:23 Crop Rotation
39:39 Iron Casting
39:40 Bloodlines
39:34 Husbandry
39:33 Town Watch
39:57 Pikeman
42:21 Manipur Cavalry
42:44 Heavy Scorpion
44:56 Conscription
44:50 Halberdier
45:33 Squires
46:38 Town Patrol
46:48 Siege Engineers
47:47 Blast Furnace
46:54 Scale Barding Armor
50:12 Elite Skirmisher
51:02 Imperial Skirmisher
59:06 Light Cavalry
FENERBAHCE
12:41 Feudal Age
20:03 Castle Age
27:35 Horse Collar
27:48 Gold Mining
27:49 Stone Mining
27:50 Double-Bit Axe
34:36 Imperial Age
32:50 Wheelbarrow
32:00 Town Watch
32:01 Loom
32:49 Town Patrol
34:01 Hand Cart
34:15 Caravan
35:43 Stone Shaft Mining
35:14 Heavy Plow
35:28 Bow Saw
36:47 Elite Rattan Archer
37:49 Paper Money
37:29 Chatras
38:49 Crop Rotation
39:33 Two-Man Saw
39:33 Sappers
40:38 Hoardings
40:23 Forging
40:14 Scale Mail Armor
40:19 Scale Barding Armor
40:15 Padded Archer Armor
40:47 Elite Battle Elephant
43:30 Chain Barding Armor
43:26 Chain Mail Armor
43:47 Iron Casting
43:29 Onager
48:24 Leather Archer Armor
48:01 Fletching
61:22 Elite Skirmisher
63:07 Plate Mail Armor
63:08 Ring Archer Armor
62:34 Bodkin Arrow
63:15 Plate Barding Armor
62:27 Imperial Skirmisher
63:16 Thumb Ring
ChrisTT
1:21 Loom
19:10 Feudal Age
19:37 Town Watch
20:28 Wheelbarrow
19:43 Double-Bit Axe
19:47 Horse Collar
20:43 Gold Mining
23:19 Stone Mining
27:08 Arson
31:11 Castle Age
31:50 Fletching
32:01 Padded Archer Armor
32:27 Bow Saw
32:36 Hand Cart
32:22 Heavy Plow
33:04 Stone Shaft Mining
33:54 Crossbowman
33:55 Elite Skirmisher
34:40 Thumb Ring
37:35 Pikeman
38:16 Squires
38:56 Ballistics
38:47 Fortified Wall
38:34 Murder Holes
42:57 Imperial Age
41:19 Caravan
43:20 Bodkin Arrow
43:41 Leather Archer Armor
43:39 Forging
45:21 Two-Man Saw
44:55 Crop Rotation
46:10 Hoardings
46:06 Imperial Skirmisher
51:09 Halberdier
53:05 Chatras
58:19 Husbandry
58:30 Bloodlines
57:41 Light Cavalry
57:44 Elite Battle Elephant
58:56 Paper Money
odysneaky
0:52 Loom
12:40 Feudal Age
16:40 Double-Bit Axe
23:24 Castle Age
21:26 Horse Collar
21:44 Stone Mining
22:00 Arson
22:45 Man-at-Arms
24:11 Squires
24:57 Gambesons
24:36 Pikeman
25:11 Gold Mining
27:24 Heavy Plow
27:39 Long Swordsman
30:12 Bow Saw
36:03 Imperial Age
34:35 Stone Shaft Mining
33:57 Town Watch
34:48 Wheelbarrow
34:42 Forging
34:32 Scale Mail Armor
36:49 Gold Shaft Mining
36:23 Capped Ram
36:27 Halberdier
36:28 Two-Handed Swordsman
37:31 Conscription
38:30 Town Patrol
38:36 Scale Mail Armor
39:11 Iron Casting
39:39 Coinage
40:36 Caravan
41:41 Hoardings
41:57 Elite Varangian Guard
42:39 Cranequins
47:24 Chain Mail Armor
weefimonster
10:37 Feudal Age
16:49 Castle Age
14:37 Loom
15:07 Double-Bit Axe
16:04 Horse Collar
18:14 Bow Saw
18:42 Heavy Plow
19:42 Bow Saw
20:29 Wheelbarrow
23:24 Gold Mining
23:26 Stone Mining
24:12 Husbandry
24:26 Bloodlines
30:08 Imperial Age
29:28 Scale Barding Armor
29:35 Forging
30:20 Hand Cart
29:57 Town Watch
30:39 Chain Barding Armor
30:28 Cavalier
31:50 Iron Casting
31:08 Fletching
31:50 Savar
33:42 Blast Furnace
34:18 Gold Shaft Mining
34:45 Hoardings
34:29 Town Patrol
35:09 Conscription
35:45 Citadels
36:39 Bodkin Arrow
36:44 Murder Holes
37:01 Masonry
38:48 Chemistry
38:09 Ballistics
39:40 Caravan
40:12 Coinage
41:29 Architecture
41:39 Plate Barding Armor
41:06 Padded Archer Armor
41:28 Kamandaran
46:00 Banking
45:43 Guilds
塔綠斑洋流崛起
0:30 Loom
21:26 Feudal Age
23:09 Arson
22:45 Man-at-Arms
25:48 Wheelbarrow
28:37 Castle Age
27:27 Fletching
27:39 Padded Archer Armor
28:47 Elite Skirmisher
31:55 Gold Mining
31:48 Horse Collar
32:00 Double-Bit Axe
33:37 Bodkin Arrow
34:32 Pikeman
35:59 Squires
38:23 Heavy Plow
41:19 Scale Mail Armor
41:30 Forging
42:10 Hand Cart
42:45 Bow Saw
55:46 Imperial Age
55:59 Imperial Age
53:52 Chain Mail Armor
54:13 Iron Casting
57:30 Fervor
59:43 Stone Mining
65:00 Gold Shaft Mining
hrxexF
1:38 Loom
12:59 Feudal Age
17:31 Castle Age
15:31 Double-Bit Axe
15:33 Horse Collar
19:16 Bow Saw
19:08 Heavy Plow
19:47 Wheelbarrow
20:33 Gold Mining
26:23 Hand Cart
26:48 Fervor
29:54 Gold Shaft Mining
32:26 Imperial Age
32:20 Caravan
32:22 Town Watch
32:35 Stone Mining
33:25 Thumb Ring
32:40 Crossbowman
35:15 Chemistry
34:26 Fortified Wall
34:42 Ballistics
34:14 Fletching
36:49 Town Patrol
36:46 Bodkin Arrow
36:58 Siege Engineers
38:42 Two-Man Saw
40:17 Guilds
40:47 Onager
41:55 Arbalester
42:16 Siege Onager
43:14 Heavy Scorpion
46:00 Husbandry
45:21 Heavy Camel Rider
46:29 Bracer
46:29 Padded Archer Armor
46:36 Scale Barding Armor
45:55 Light Cavalry
50:46 Conscription
50:52 Torsion Engines
50:52 Royal Heirs
57:41 Leather Archer Armor
57:37 Forging
57:48 Chain Barding Armor
57:27 Murder Holes
Smurfm4n87
0:58 Loom
15:56 Feudal Age
16:42 Double-Bit Axe
16:43 Horse Collar
19:10 Wheelbarrow
18:29 Man-at-Arms
18:56 Arson
19:54 Town Watch
20:09 Long Swordsman
22:57 Forging
25:45 Scale Mail Armor
30:18 Castle Age
30:55 Two-Handed Swordsman
31:24 Gambesons
31:40 Squires
32:18 Iron Casting
31:59 Chain Mail Armor
33:07 Hand Cart
32:53 Town Patrol
32:56 Heavy Plow
33:40 Caravan
34:02 Champion
37:01 Fletching
38:10 Redemption
38:21 Sanctity
38:12 Fervor
38:04 Devotion
38:17 Bodkin Arrow
38:33 Murder Holes
39:00 Ballistics
39:01 Padded Archer Armor
40:24 Leather Archer Armor
39:57 Treadmill Crane
41:13 Herbal Medicine
45:19 Imperial Age
44:17 Pikeman
46:18 Fereters
45:41 Elite Composite Bowman
46:32 Fereters
47:32 Chemistry
47:35 Block Printing
47:46 Illumination
47:38 Bracer
48:09 Ring Archer Armor
52:05 Theocracy
53:46 Bombard Tower
56:37 Blast Furnace
59:52 Plate Mail Armor
58:48 Halberdier
62:46 Capped Ram
Connection lost

Rejoining the realm…

Still unreachable

The connection could not be restored.

Session expired

The server has moved on; the page needs a fresh start.